 Dungeon Crawl Stone Soup version 0.16-a0-1132-gad589c6 (webtiles) character file.

51567 MackTheKnife the Stickfighter (level 14, -8/84 HPs)
             Began as a Vine Stalker Gladiator on Oct 6, 2014.
             Was an Elder of Trog.
             Mangled by a death yak (15 damage)
             ... on level 6 of the Lair of Beasts on Oct 7, 2014.
             The game lasted 00:51:01 (15443 turns).

MackTheKnife the Stickfighter (VSGl)               Turns: 15443, Time: 00:51:01

Health: -8/84      AC: 13    Str: 18    XL:     14   Next: 60%
Magic:  0/8        EV: 17    Int: 12    God:    Trog [****..]
Gold:   1073       SH:  0    Dex: 19    Spells: 0 memorised, 13 levels left

rFire  . . .     SeeInvis .     a - +6 lajatang (antimagic) {Trog}
rCold  + . .     Clarity  .     k - +2 ring mail {rC+}
rNeg   . . .     SustAb   .     (no shield)
rPois  +         Gourm    .     (helmet restricted)
rElec  .         Spirit   +     (no cloak)
rCorr  .         Warding  .     (no gloves)
rMut   .         Stasis   .     (no boots)
MR     +....                    (no amulet)
Stlth  ..........               w - ring "Ewinkoc" {rPois Int+3 Slay+5 Stlth-}
                                q - +3 ring of protection

@: exhausted, very slightly contaminated, hasted and slowed, somewhat resistant
to hostile enchantments, extremely unstealthy
A: antennae 1, fangs 3, thin metallic scales 1, breathe flames 1, regeneration
3, robust 1, magic shield, antimagic bite, no device heal 3, rot immunity
a: Burn Spellbooks, Berserk, Trog's Hand, Brothers in Arms, Renounce Religion,
Breathe Fire


You were on level 6 of the Lair of Beasts.
You worshipped Trog.
Trog was greatly pleased with you.
You were very hungry.

You visited 2 branches of the dungeon, and saw 17 of its levels.
You also visited: Ice Cave.

You collected 1073 gold pieces.


Innate Abilities, Weirdness & Mutations

You have razor-sharp teeth.
You regenerate.
When hurt, damage is shared between your health and your magic reserves.
Your bite disrupts and absorbs the magic of your enemies.
Potions and wands cannot restore your health.
You are immune to rotting.
You have a pair of small antennae on your head.
You are partially covered in thin metallic scales (AC +2).
You can breathe flames.
You are robust (+10% HP).


   Skills:
 - Level 10.7 Fighting
 - Level 15.2 Staves
 - Level 1.7 Throwing
 - Level 7.0 Armour
 - Level 9.5 Dodging
 + Level 5.7 Evocations


You had 13 spell levels left.
You didn't know any spells.

Inventory:

Hand weapons
 a - a +6 antimagic lajatang (weapon) {Trog}
Missiles
 d - 2 throwing nets (quivered)
 y - 3 silver tomahawks
Armour
 k - a +2 ring mail of cold resistance (worn)
Magical devices
 p - a wand of paralysis (9)
 z - a wand of polymorph (3)
 D - a wand of cold (13)
 I - a wand of confusion (24)
Comestibles
 f - 6 bread rations
 h - 3 slices of pizza
 n - 7 meat rations
 o - 11 fruits
 v - a royal jelly
 C - 2 beef jerkies
 F - 2 rotting chunks of death yak flesh {@*1}
Scrolls
 b - a scroll of immolation {!r}
 g - 4 scrolls of identify
 j - 7 scrolls of recharging
 s - a scroll of magic mapping
 t - 8 scrolls of remove curse
 u - a scroll of teleportation
 x - a scroll of enchant armour
 L - a scroll of fog
Jewellery
 q - a +3 ring of protection (left hand)
 w - the ring "Ewinkoc" (right hand) {rPois Int+3 Slay+5 Stlth-}
   (You found it in an ice cave)

   [ring of poison resistance]

   It affects your intelligence (+3).
   It affects your accuracy and damage with ranged weapons and melee attacks
   (+5).
   It protects you from poison.
   It makes you less stealthy.
 J - an uncursed ring of protection from cold
Potions
 c - a potion of agility
 e - 8 potions of curing
 i - 3 potions of restore abilities
 r - a potion of cancellation
 A - a potion of might
 B - 3 potions of berserk rage
 E - a potion of cure mutation
 K - a potion of resistance

▒·····▒▒▒ ▒P··▒
▒·····P▒▒·· ▒····P··▒
▒···▒▒▒·······>·▒
▒▒▒··P·▒▒
▒··▒·▒▒····<·▒▒▒▒
▒P·P···▒ ▒P··▒▒▒·····▒▒
▒▒······▒ ▒····▒▒·····▒
▒···▒·<▒▒ ▒▒·▒▒▒▒▒·P··▒
▒▒▒·▒···▒▒▒▒···!·▒·····▒
▒▒▒··PP·▒▒·▒▒··········(▒
▒·▒·P···P▒<·f·······P··▒▒
▒▒····P··P·Y······▒▒·P▒
▒▒········O···▒▒▒▒··▒▒
▒▒▒·······▒▒▒▒▒▒▒···▒▒ ▒
▒····▒▒·▒ ▒▒······· ·
▒···▒▒▒▒▒ ▒········
▒····▒ ▒▒······▒▒
▒▒···P▒▒ ▒▒·▒······▒
▒·▒····▒▒ ▒·▒···▒··▒▒▒


You could see a death yak and a friendly ogre (berserk).


Message History

Unknown command.
Read which item? (? for menu, Esc to quit)
Blink to where?
As you read the scroll of blinking, it crumbles to dust.
You are very lightly contaminated with residual magic.
Read which item? (? for menu, Esc to quit)
As you read the scroll of teleportation, it crumbles to dust.
You feel strangely unstable.
You are feeling very hungry.
The death yak gores you!
* * * LOW HITPOINT WARNING * * *
The death yak barely misses you.
Unknown command.
The death yak barely misses you.
Your surroundings suddenly seem different.
The death yak bellows!
Use which ability? (? or * to list)
Your ogre goes berserk!
You feel somewhat more hungry. The death yak gores you!
* * * LOW HITPOINT WARNING * * *
Unknown command.
Read which item? (? for menu, Esc to quit)
Okay, then.
Drink which item? (? for menu, Esc to quit)
You feel yourself speed up.
Your ogre hits the death yak with a giant club!
The death yak gores you.
* * * LOW HITPOINT WARNING * * *
The death yak gores you!
You die...

Action                   |  1- 3 |  4- 6 |  7- 9 | 10-12 | 13-15 || total
-------------------------+-------+-------+-------+-------+-------++-------
Melee: Quarterstaff      |   110 |    86 |   477 |   340 |       ||  1013
       Lajatang          |       |       |       |   294 |   504 ||   798
Throw: Throwing net      |       |       |       |     9 |       ||     9
Invok: Berserk           |       |     2 |    18 |    18 |    11 ||    49
       Trog's Hand       |       |       |     1 |    14 |    10 ||    25
       Burn Spellbooks   |       |       |       |     2 |     1 ||     3
       Brothers in Arms  |       |       |       |       |    10 ||    10
 Abil: Breathe Fire      |       |       |       |       |     1 ||     1
Evoke: Wand              |       |       |       |     3 |     1 ||     4
  Use: Scroll            |     6 |     1 |     8 |    10 |    12 ||    37
       Potion            |       |     1 |       |     7 |     7 ||    15
 Stab: Sleeping          |       |     1 |     1 |       |       ||     2
       Distracted        |       |       |     1 |       |       ||     1
       Held in net/web   |       |       |       |     3 |       ||     3
  Eat: Chunk             |       |     3 |    23 |     7 |    18 ||    51
       Beef jerky        |       |     1 |       |     2 |     1 ||     4
       Bread ration      |       |       |     1 |     2 |       ||     3
       Fruit             |       |       |     2 |     3 |       ||     5
       Meat ration       |       |       |     1 |     2 |     1 ||     4
       Royal jelly       |       |       |       |     1 |     2 ||     3
       Pizza             |       |       |       |     1 |       ||     1

Vault maps used:
D:1:      ldierk_walled_garden
D:2:      lemuel_coloured_pillars_altar, trog_hazing_becter
D:3:      first_bread, glass_columns_a, uniq_grinder
D:4:      old_standard_altar, lemuel_crystal_altar, kennysheep_little_box,
          uniq_eustachio
D:5:      minmay_goblin_kobold_castle, lightli_temple_of_fire, basic_altar,
          minivault_24
D:6:      st_stairs_2, nemelex_deck
D:7:      wad_pebble_path, minmay_temple_entry_glassed_door, serial_shops, shop,
          hangedman_decor_slide_cut
D:8:      uniq_edmund, uniq_erolcha
D:9:      lemuel_doored_altar, hangedman_tell_no_tales, uniq_pikel
D:10:     minmay_misc_feat_doors
D:11:     david_lair_generic, uniq_sonja, uniq_maurice
Lair:1:   statuecave_lemuel, nicolae_volcano_entry_hallway,
          portal_ice_cave_entry_ice_beasts, st_stairs_6
Lair:2:   lemuel_fruit_fields, infiniplex_staircase_pool, uniq_prince_ribbit2
Lair:3:   minmay_shoals_entry_beasts, uniq_snorg, uniq_fannar
Lair:4:   minmay_hedge_maze, nicolae_quartered_pool_super, uniq_erica
Lair:5:   grunt_megastairs_4
Lair:6:   spider_nest_entry_web_field, uniq_rupert
IceCv:    ice_cave_caverns_01

Notes
Turn   | Place    | Note
--------------------------------------------------------------
     0 | D:1      | MackTheKnife, the Vine Stalker Gladiator, began the quest for the Orb.
     0 | D:1      | Reached XP level 1. HP: 11/11 MP: 1/1
   135 | D:1      | Reached skill level 3 in Staves
   168 | D:1      | Reached XP level 2. HP: 15/15 MP: 3/3
   751 | D:2      | Reached XP level 3. HP: 18/18 MP: 4/4
   773 | D:2      | Found a bloodstained altar of Trog.
   804 | D:2      | Became a worshipper of Trog the Wrathful
   932 | D:2      | Reached skill level 4 in Staves
  1034 | D:2      | Reached XP level 4. HP: 10/23 MP: 3/5
  1239 | D:2      | Found a glowing golden altar of the Shining One.
  1590 | D:3      | Acquired Trog's first power
  1692 | D:3      | Noticed Grinder
  1699 | D:3      | Killed Grinder
  1699 | D:3      | Reached skill level 6 in Staves
  1699 | D:3      | Reached XP level 5. HP: 14/26 MP: 7/7
  1699 | D:3      | Gained mutation: You heal very quickly. [vine stalker growth]
  1699 | D:3      | Reached XP level 6. HP: 16/30 MP: 8/8
  2099 | D:4      | Noticed Eustachio
  2103 | D:4      | Killed Eustachio
  2103 | D:4      | Reached skill level 7 in Staves
  2103 | D:4      | Reached XP level 7. HP: 34/34 MP: 9/9
  2306 | D:4      | Found a radiant altar of Vehumet.
  2326 | D:4      | Found a burning altar of Makhleb.
  2554 | D:4      | Found a glowing silver altar of Zin.
  2955 | D:5      | Entered Level 5 of the Dungeon
  3097 | D:5      | Reached skill level 8 in Staves
  3100 | D:5      | Acquired Trog's second power
  3541 | D:5      | Gained mutation: You have razor-sharp teeth. [vine stalker growth]
  3541 | D:5      | Reached XP level 8. HP: 38/38 MP: 11/11
  3606 | D:5      | Reached skill level 9 in Staves
  3695 | D:5      | Received a gift from Trog
  3799 | D:5      | Found a blossoming altar of Fedhas.
  3973 | D:5      | Found a bloodstained altar of Trog.
  4272 | D:6      | Found a sparkling altar of Nemelex Xobeh.
  4441 | D:6      | Reached skill level 10 in Staves
  4525 | D:6      | Acquired Trog's third power
  4632 | D:6      | Reached XP level 9. HP: 42/42 MP: 8/12
  5127 | D:6      | Reached skill level 11 in Staves
  5295 | D:7      | Reached skill level 2 in Fighting
  5348 | D:7      | Reached skill level 3 in Fighting
  5566 | D:7      | Reached skill level 4 in Fighting
  5793 | D:7      | Found Frimuram's Book Emporium.
  5860 | D:7      | Reached skill level 5 in Fighting
  6002 | D:7      | Found a staircase to the Ecumenical Temple.
  6251 | D:8      | Noticed Edmund
  6255 | D:8      | Killed Edmund
  6319 | D:8      | Reached skill level 6 in Fighting
  6548 | D:8      | Reached XP level 10. HP: 46/53 MP: 11/13
  6616 | D:8      | Reached skill level 7 in Fighting
  6936 | D:8      | Got a silk robe
  6947 | D:8      | Identified the +0 robe of the Eight Boll Weevils {Str+2} (You found it on level 8 of the Dungeon)
  7029 | D:8      | Noticed Erolcha
  7045 | D:8      | Killed Erolcha
  7045 | D:8      | Reached skill level 8 in Fighting
  7453 | D:9      | Reached skill level 9 in Fighting
  7567 | D:9      | Reached skill level 3 in Dodging
  7748 | D:9      | Found a deep blue altar of Sif Muna.
  7796 | D:9      | Noticed Pikel
  7839 | D:9      | Killed Pikel
  7979 | D:9      | Reached skill level 4 in Dodging
  8195 | D:10     | Entered Level 10 of the Dungeon
  8293 | D:10     | Killed an unseen horror
  8293 | D:10     | Reached XP level 11. HP: 50/63 MP: 10/15
  8349 | D:10     | Reached skill level 10 in Fighting
  8349 | D:10     | Reached skill level 5 in Dodging
  8382 | D:10     | Noticed a hill giant
  8404 | D:10     | Killed a hill giant
  8458 | D:10     | Noticed a hill giant
  8468 | D:10     | Killed a hill giant
  8690 | D:10     | Noticed a hill giant
  8694 | D:10     | Killed a hill giant
  8929 | D:10     | Killed an unseen horror
  8929 | D:10     | Reached skill level 6 in Dodging
  9180 | D:11     | Received a gift from Trog
  9251 | D:11     | Noticed a hill giant
  9255 | D:11     | Killed a hill giant
  9313 | D:11     | Found a staircase to the Lair.
  9326 | D:11     | Killed an unseen horror
  9362 | D:11     | Reached skill level 12 in Staves
  9400 | Lair:1   | Entered Level 1 of the Lair of Beasts
  9459 | Lair:1   | Gained mutation: You regenerate. [vine stalker growth]
  9459 | Lair:1   | Reached XP level 12. HP: 69/69 MP: 5/16
  9576 | Lair:1   | Noticed a seven-headed hydra
  9641 | Lair:1   | Found a frozen archway.
  9648 | Lair:1   | Reached skill level 13 in Staves
  9682 | IceCv    | Entered an ice cave
  9831 | IceCv    | Received a gift from Trog
  9884 | IceCv    | Noticed a death yak
  9893 | IceCv    | Killed a death yak
  9893 | IceCv    | Reached skill level 14 in Staves
 10268 | IceCv    | Reached XP level 13. HP: 45/72 MP: 5/17
 10270 | IceCv    | Reached skill level 15 in Staves
 10320 | IceCv    | Noticed a death yak
 10320 | IceCv    | Noticed a frost giant
 10320 | IceCv    | Noticed a death yak
 10329 | IceCv    | Killed a death yak
 10403 | IceCv    | Reached skill level 1 in Armour
 10406 | IceCv    | Killed a death yak
 10469 | IceCv    | Killed a frost giant
 10469 | IceCv    | Reached skill level 2 in Armour
 10474 | IceCv    | Got a glittering ivory ring
 10497 | IceCv    | Identified the ring "Ewinkoc" {rPois Int+3 Slay+5 Stlth-} (You found it in an ice cave)
 10887 | Lair:1   | Received a gift from Trog
 10973 | Lair:1   | Killed a seven-headed hydra
 10973 | Lair:1   | Reached skill level 7 in Dodging
 11057 | Lair:1   | Reached skill level 3 in Armour
 11537 | Lair:2   | Noticed Prince Ribbit
 11549 | Lair:2   | Killed Prince Ribbit
 11667 | Lair:2   | Reached skill level 4 in Armour
 11958 | Lair:2   | Reached skill level 8 in Dodging
 11964 | Lair:2   | Received a gift from Trog
 12265 | Lair:2   | Gained mutation: You can breathe flames. [potion of mutation]
 12265 | Lair:2   | Gained mutation: You have a pair of small antennae on your head. [potion of mutation]
 12265 | Lair:2   | Gained mutation: You are robust (+10% HP). [potion of mutation]
 12266 | Lair:2   | Gained mutation: You are partially covered in thin metallic scales (AC +2). [potion of beneficial mutation]
 12339 | Lair:2   | Upgraded the game from 0.16-a0-1120-gd281f79 to 0.16-a0-1132-gad589c6
 12412 | Lair:3   | Found a staircase to the Shoals.
 12437 | Lair:3   | Reached skill level 5 in Armour
 12612 | Lair:3   | Noticed Snorg
 12618 | Lair:3   | Killed Snorg
 12911 | Lair:3   | Noticed Fannar
 12918 | Lair:3   | Killed Fannar
 13333 | Lair:4   | Reached XP level 14. HP: 84/84 MP: 6/18
 13596 | Lair:4   | Reached skill level 6 in Armour
 13633 | Lair:4   | Reached skill level 9 in Dodging
 13823 | Lair:4   | Noticed Erica
 13833 | Lair:4   | Killed Erica
 14364 | Lair:5   | Received a gift from Trog
 14570 | Lair:5   | Reached skill level 7 in Armour
 14711 | Lair:5   | Reached skill level 1 in Evocations
 15088 | Lair:6   | Reached skill level 2 in Evocations
 15092 | Lair:6   | Reached skill level 3 in Evocations
 15152 | Lair:6   | Reached skill level 4 in Evocations
 15357 | Lair:6   | Noticed Rupert
 15363 | Lair:6   | Killed Rupert
 15363 | Lair:6   | Reached skill level 5 in Evocations
 15442 | Lair:6   | HP: 6/84 [death yak (4)]
 15443 | Lair:6   | Mangled by a death yak

Vanquished Creatures
  A frost giant (IceCv)
  Snorg (Lair:3)
  Fannar (Lair:3)
  Erica (Lair:4)
  16 death yaks
  Erolcha (D:8)
  An ice statue (IceCv)
  4 hill giants
  Pikel (D:9)
  3 unseen horrors
  A manticore (Lair:3)
  2 griffons
  An ugly thing (D:11)
  4 black mambas
  An elephant (D:11)
  A gargoyle (D:10)
  7 spiny frogs
  3 centaur skeletons
  A komodo dragon (Lair:4)
  Grinder (D:3)
  13 polar bears (IceCv)
  A troll (D:10)
  A two-headed ogre (D:11)
  Prince Ribbit (Lair:2)
  11 blink frogs
  A wraith (D:10)
  38 yaks
  A deep elf mage (D:9)
  Eustachio (D:4)
  7 hippogriffs
  2 vampire mosquitoes (D:8)
  A hungry ghost (D:9)
  Edmund (D:8)
  26 wolves
  2 sky beasts (D:6)
  9 water moccasins
  11 porcupines
  4 slaves (D:9)
  A yellow wasp (Lair:5)
  13 ice beasts
  3 ogres
  3 orc warriors
  A phantom (D:7)
  A centaur (D:8)
  A komodo dragon zombie (D:6)
  10 giant frogs
  12 crocodiles
  5 big kobolds
  2 scorpions (D:11)
  A water moccasin skeleton (D:11)
  8 wights
  2 spriggan skeletons (D:9)
  2 quasits
  8 goliath beetles
  A centaur zombie (D:10)
  3 crimson imps
  11 hounds
  A lava snake (Lair:1)
  3 orc priests
  3 jellies
  A gnoll shaman (D:8)
  8 iguanas
  12 orc wizards
  12 sheep
  5 worker ants
  6 orange rats (Lair:5)
  An ogre skeleton (D:4)
  A hound zombie (D:11)
  9 gnolls
  58 green rats
  An orc zombie (D:8)
  A scorpion zombie (D:6)
  11 adders
  3 shadow imps
  2 giant mites
  3 worms
  An iguana skeleton (D:4)
  An orc skeleton (D:7)
  5 giant geckos
  An ooze (D:4)
  45 orcs
  A ball python (D:2)
  4 giant cockroaches
  9 hobgoblins
  22 jackals
  52 kobolds
  6 quokkas
  17 bats
  3 giant newts
  17 goblins
  13 rats
  3 ballistomycetes (D:6)
  A bush (Lair:4)
613 creatures vanquished.

Vanquished Creatures (collateral kills)
  Rupert (Lair:6)
  A hydra (Lair:1)
  3 death yaks (Lair:4)
5 creatures vanquished.

Vanquished Creatures (others)
  2 two-headed ogres
  A wolf (IceCv)
  3 ogres
  A giant spore (D:6)
  A fungus (Lair:6)
  A plant (Lair:6)
  5 toadstools (D:1)
14 creatures vanquished.

Grand Total: 632 creatures vanquished
